 Dungeon Crawl Stone Soup version 0.20.1-1-g8b1a95d (webtiles) character file.

119 roguesci the Charmwright (level 4, 0/37 HPs)
             Began as a Demonspawn Skald on Aug 22, 2017.
             Slain by Grinder (5 damage)
             ... on level 3 of the Dungeon.
             The game lasted 00:07:20 (3056 turns).

roguesci the Charmwright (Demonspawn Skald)         Turns: 3056, Time: 00:07:22

Health: 0/37       AC:  7    Str: 11 (12) XL:     4   Next: 73%
Magic:  2/7        EV: 11    Int: 17 (18) God:
Gold:   278        SH:  0    Dex: 10 (12) Spells: 1/7 levels left

rFire    . . .     SeeInvis .   a - +0 hand axe
rCold    . . .     Gourm    .   (no shield)
rNeg     . . .     Faith    .   k - +0 ring mail
rPois    .         Spirit   .   (no helmet)
rElec    .         Reflect  .   (no cloak)
rCorr    .         Harm     .   (no gloves)
MR       .....                  (no boots)
Stlth    ..........             (no amulet)
Regen    0.2/turn               (no ring)
MPRegen  0.1/turn               (no ring)

@: brilliant, very slightly contaminated
A: molten scales 1, dopey 1, robust 1, spiny 1
a: no special abilities


You were on level 3 of the Dungeon.
You were not hungry.

You visited 1 branch of the dungeon, and saw 3 of its levels.

You collected 278 gold pieces.

Inventory:

Hand Weapons
 a - a +0 hand axe (weapon)
Missiles
 i - 109 stones (quivered)
Armour
 k - a +0 ring mail (worn)
Wands
 s - a wand of polymorph (7/24)
Scrolls
 b - a scroll of enchant armour {unknown}
 e - a scroll of amnesia {unknown}
 g - 4 scrolls of identify {unknown}
 j - a scroll of enchant weapon {unknown}
 o - 2 scrolls of teleportation {unknown}
 p - 2 scrolls of magic mapping {unknown}
 r - a scroll of fog {unknown}
 t - a scroll of remove curse {unknown}
Potions
 u - 2 potions of flight {unknown}
Books
 c - a book of Battle

   Spells                             Type                      Level
   a - Infusion                       Charms                       1
   b - Shroud of Golubria             Charms/Translocation         2
   c - Song of Slaying                Charms                       2
   d - Spectral Weapon                Hexes/Charms                 3
   e - Regeneration                   Charms/Necromancy            3
Comestibles
 d - 4 bread rations
 q - a chunk of flesh
 v - a royal jelly


   Skills:
 + Level 2.5 Fighting
 * Level 2.5 Axes
 + Level 1.8 Armour
 * Level 2.8 Dodging
 + Level 2.2 Spellcasting
 + Level 3.0 Charms
 * Level 0.4 Necromancy


You had one spell level left.
You knew the following spells:

 Your Spells              Type           Power        Failure   Level  Hunger
a - Infusion              Chrm           ###.         1%          1    #......
b - Shroud of Golubria    Chrm/Tloc      ###.......   4%          2    ###....
c - Regeneration          Chrm/Necr      ###.......   8%          3    ###....


Dungeon Overview and Level Annotations

Branches:
Dungeon (3/15)

Altars:
Trog

Annotations:
D:3 Grinder


Innate Abilities, Weirdness & Mutations

You are partially covered in molten scales. (AC +2)
You are partially covered in sharp spines.
You are dopey. (Int -2)
You are robust. (+10% HP)


Message History

You writhe in agony.
* * * LOW HITPOINT WARNING * * *
Grinder is struck by your spines. Grinder hits you but does no damage.
You can move again.
It was a potion of curing.
You feel better. Grinder barely misses you.
It was a potion of mutation.
You feel extremely strange.
You feel stupid.
You feel robust. Grinder gestures at you. Pain shoots through your body!
* * * LOW HITPOINT WARNING * * *
It was a potion of brilliance.
You feel clever all of a sudden. Grinder closely misses you.
It was a potion of degeneration.
There was something very wrong with that liquid.
You feel weakened.
You feel dopey.
You feel clumsy. Grinder hits you.
* * * LOW HITPOINT WARNING * * *
You writhe in agony.
You die...

#..####.##.###..# #.#
#..(...>.....#..# #.#
##.####[##.#.#..# #.#
####>##...#..####.#
#.......()........#
#...#.####.##.#######
###... #.##.# ##.#
#.##.# #. #@##.# #.
#5##.# #. #(....#
##.##.# .# .# .# .#
.#


You could see Grinder.

Vanquished Creatures
  Jessica (D:3)
  2 adders (D:2)
  4 worms
  A dart slug (D:1)
  A leopard gecko (D:1)
  5 orcs (D:3)
  5 giant cockroaches
  8 goblins
  2 hobgoblins
  2 jackals (D:2)
  4 kobolds
  5 ball pythons
  A bat (D:1)
  3 frilled lizards
  16 rats
60 creatures vanquished.

Notes
Turn   | Place    | Note
-------+----------+-------------------------------------------
     0 | D:1      | roguesci the Demonspawn Skald began the quest for the Orb.
     0 | D:1      | Reached XP level 1. HP: 16/16 MP: 3/3
   204 | D:1      | Reached skill level 1 in Armour
   220 | D:1      | Gained mutation: You are partially covered in sharp spines. [demonic ancestry]
   220 | D:1      | Reached XP level 2. HP: 18/22 MP: 0/5
  1149 | D:2      | Learned a level 2 spell: Shroud of Golubria
  1158 | D:2      | Reached XP level 3. HP: 24/27 MP: 1/6
  2300 | D:3      | Noticed Jessica
  2306 | D:3      | Gained mutation: You are partially covered in molten scales. (AC +2) [demonic ancestry]
  2306 | D:3      | Reached XP level 4. HP: 26/34 MP: 2/7
  2315 | D:3      | Killed Jessica
  2315 | D:3      | Reached skill level 3 in Charms
  2584 | D:3      | Learned a level 3 spell: Regeneration
  2601 | D:3      | Noticed a moth of wrath
  2604 | D:3      | Found a bloodstained altar of Trog.
  3024 | D:3      | Noticed Grinder
  3049 | D:3      | Paralysed by Grinder for 4 turns
  3054 | D:3      | Gained mutation: You are dopey. (Int -2) [potion of mutation]
  3054 | D:3      | Gained mutation: You are robust. (+10% HP) [potion of mutation]
  3056 | D:3      | Slain by Grinder

Skill      XL: |  1  2  3  4 |
---------------+-------------+-----
Dodging        | 2 |  2.8
Armour         | 1 |  1.8
Axes           | 2 |  2.5
Charms         | 3 |  3.0
Fighting       | |  2.5
Spellcasting   | |  2.2
Necromancy     | |  0.4

Action                   |  1- 3 |  4- 6 || total
-------------------------+-------+-------++-------
Melee: Hand axe          |    96 |    60 ||   156
 Cast: Infusion          |     4 |     2 ||     6
       Shroud of Golubri |     5 |     5 ||    10
  Use: Potion            |       |     5 ||     5
  Eat: Chunk             |     5 |     3 ||     8
Armor: Leather armour    |     8 |       ||     8
       Ring mail         |    37 |    12 ||    49
Dodge: Dodged            |    47 |    26 ||    73
